 Dungeon Crawl Stone Soup version 0.24.0-125-gc4c63601f3 (webtiles) character file.

Game seed: 6314769839306962556, levelgen mode: deterministic

90 RaHiT the Grasshopper (level 4, -6/20 HPs)
             Began as a Felid Warper on Feb 17, 2020.
             Killed by nerve-wracking pain
             ... invoked by an orc priest
              (13 damage)
             ... on level 3 of the Dungeon.
             The game lasted 00:18:49 (4025 turns).

RaHiT the Grasshopper (Felid Warper)                Turns: 4025, Time: 00:18:49

Health: -6/20      AC:  1    Str:  7    XL:     4   Next: 32%
Magic:  7/8        EV: 19    Int: 17    God:
Gold:   69         SH:  0    Dex: 16    Spells: 1/8 levels left
                                        Lives:  0   Deaths: 1

rFire    . . .     SeeInvis +     - Unarmed
rCold    + . .     Gourm    .   (shield unavailable)
rNeg     . . .     Faith    .   (armour unavailable)
rPois    .         Spirit   .   (helmet unavailable)
rElec    .         Reflect  .   (cloak unavailable)
rCorr    .         Harm     .   (gloves unavailable)
MR       .....                  (boots unavailable)
Stlth    +++.......             (no amulet)
HPRegen  0.06/turn              (no ring)
MPRegen  0.11/turn              (no ring)

@: shrouded, quick
A: very small, no armour, no weapons or thrown items, stealth, claws 1, fangs 3,
see invisible, carnivore, clever 1, cold resistance 1, speed 1, screaming 1,
shaggy fur 1, slow metabolism 1, sharp paws
a: no special abilities


You were on level 3 of the Dungeon.
You were not hungry.

You visited 1 branch of the dungeon, and saw 3 of its levels.

You collected 69 gold pieces.

Inventory:

Scrolls
 b - a scroll of blinking
 g - a scroll of amnesia {unknown}
 h - a scroll of fog {unknown}
 i - a scroll of teleportation {unknown}
Potions
 d - a potion of haste
 f - 2 potions of curing
Comestibles
 c - 5 rations


   Skills:
 + Level 2.6 Fighting
 + Level 3.9 Dodging
 * Level 3.9 Stealth
 + Level 2.5 Unarmed Combat
 + Level 2.5 Spellcasting
 + Level 1.8 Charms
 + Level 5.1 Translocations


You had one spell level left.
You knew the following spells:

 Your Spells              Type           Power        Failure   Level  Hunger
a - Blink                 Tloc           N/A          3%          2    ##.....
b - Shroud of Golubria    Chrm/Tloc      ##....       7%          2    ##.....
c - Teleport Other        Tloc           ###.....     7%          3    ###....

Your spell library contained the following spells:

 Spells                   Type           Power        Failure   Level  Hunger
 Gell's Gravitas          Tloc           ###.......   7%          3    ###....
 Lesser Beckoning         Tloc           ###.......   7%          3    ###....
 Passage of Golubria      Tloc           N/A          22%         4    #####..


Dungeon Overview and Level Annotations

Branches:
Dungeon (3/15)

Altars:

Annotations:
D:3 Crazy Yiuf


Innate Abilities, Weirdness & Mutations

You cannot wear armour.
You are incapable of wielding weapons or throwing items.
Your paws allow you to move quietly. (Stealth)
You have sharp claws.
You have razor-sharp teeth.
You have supernaturally acute eyesight. (SInv)
You are carnivorous and can eat meat at any time.
You cover ground quickly.
You are covered in fur. (AC +1)
You have a slow metabolism.
Your sharp claws are effective at attacking unaware monsters.
Your mind is acute. (Int +2)
Your flesh is cold resistant. (rC+)
You occasionally shout uncontrollably at your foes.


Message History

The orc priest is severely wounded.
The orc priest barely misses you.
The orc priest calls upon Beogh to heal the orc priest.
The orc priest is healed somewhat.
You scratch the orc priest. Your bite misses the orc priest.
The orc priest is heavily wounded.
The orc priest invokes the aid of Beogh against you.
You struggle to resist.
The orc priest calls upon Beogh to heal the orc priest.
The orc priest is healed somewhat.
You barely miss the orc priest.
The orc priest is lightly wounded.
The orc priest looks braver for a moment.
An orc comes into view. It is wielding a +0 club.
You scratch the orc priest.
The orc priest is moderately wounded.
The orc priest invokes the aid of Beogh against you.
Pain shoots through your body!
Ouch! That really hurt!
You die...

##.#.≈..#.###)#############
#.#<≈###.###[# #.#.##
#.#.#<# .##.#.####.#.#.#
.#.....<.....#.#
.###.#####.....#
.#...).).....#.#
.#.#.###################
...... #........@oo....o
...... #.#####..########
.....#. #.## >..#.#. #.#
...#.#.# #.# ...#. #.# ...#
#+# ...# ...#


You could see 2 orc priests and an orc.

Vanquished Creatures
  An orc priest (D:3)
  7 gnolls (D:3)
  3 adders
  3 dart slugs
  A worm (D:2)
  A leopard gecko (D:1)
  3 orcs (D:3)
  2 giant cockroaches
  6 goblins
  5 hobgoblins
  5 bats
  3 frilled lizards
  6 kobolds
  5 rats
51 creatures vanquished.

Notes
Turn   | Place    | Note
-------+----------+-------------------------------------------
     0 | D:1      | RaHiT the Felid Warper began the quest for the Orb.
     0 | D:1      | Reached XP level 1. HP: 9/9 MP: 4/4
   140 | D:1      | Reached skill level 1 in Stealth
   180 | D:1      | Reached XP level 2. HP: 10/13 MP: 6/6
   184 | D:1      | Learned a level 2 spell: Blink
   187 | D:1      | Learned a level 2 spell: Shroud of Golubria
  1664 | D:2      | Reached XP level 3. HP: 7/16 MP: 7/7
  2255 | D:2      | Reached skill level 1 in Charms
  2619 | D:2      | Gained mutation: You occasionally shout uncontrollably at
                  | your foes. [potion of mutation]
  2619 | D:2      | Gained mutation: Your mind is acute. (Int +2) [potion of
                  | mutation]
  2619 | D:2      | Gained mutation: Your flesh is cold resistant. (rC+)
                  | [potion of mutation]
  2725 | D:3      | Reached XP level 4. HP: 20/20 MP: 6/8
  2734 | D:3      | Learned a level 3 spell: Teleport Other
  3050 | D:3      | Reached skill level 5 in Translocations
  3114 | D:3      | Reached XP level 5. HP: 18/23 MP: 9/9
  3985 | D:3      | Found a runed translucent door.
  3986 | D:3      | Noticed Crazy Yiuf
  4002 | D:3      | Slain by Crazy Yiuf
  4003 | D:3      | Reached XP level 4. HP: -3/20 MP: 7/8
  4025 | D:3      | Killed from afar by an orc priest

Levels and vault maps discovered:
D:1:      dpeg_arrival_simpleton_c, layout_loops_corners,
          ebering_dispersal_statue_hall
D:2:      layout_basic, first_ration
D:3:      layout_basic, serial_rivers, chequers_serial_rivers_micro_c,
          chequers_serial_rivers_room_b, chequers_serial_rivers_micro_e,
          chequers_serial_rivers_small_a, chequers_serial_rivers_small_a,
          corexii_corridor_pit, minmay_joined_circles, uniq_crazy_yiuf_cottage

Skill      XL: |  1  2  3  4 |
---------------+-------------+-----
Stealth        | 1 2 3 |  3.9
Charms         | 1 |  1.8
Translocations | 5 |  5.1
Fighting       | |  2.6
Dodging        | |  3.9
Unarmed Combat | |  2.5
Spellcasting   | |  2.5

Action                   |  1- 3 |  4- 6 || total
-------------------------+-------+-------++-------
Melee: Unarmed           |   172 |   124 ||   296
       Punch             |     4 |     1 ||     5
       Bite              |    10 |     9 ||    19
 Cast: Shroud of Golubri |    11 |     8 ||    19
       Blink             |       |     3 ||     3
       Teleport Other    |       |     1 ||     1
  Use: Scroll            |     3 |       ||     3
       Potion            |     2 |       ||     2
 Stab: Sleeping          |    10 |     3 ||    13
  Eat: Chunk             |    11 |     2 ||    13
Armor: Skin              |     5 |     7 ||    12
Dodge: Dodged            |   101 |    99 ||   200
